 Dungeon Crawl Stone Soup version 0.28-a0-984-g3775c662fe (webtiles) character file.

Game seed: 8777300522125940849

42 fragbeetle the Ruffian (level 3, -1/28 HPs)
             Began as a Draconian Transmuter on Dec 3, 2021.
             Killed from afar by an orc wizard (9 damage)
             ... with a puff of flame
             ... on level 3 of the Dungeon.
             The game lasted 00:07:42 (1994 turns).

fragbeetle the Ruffian (Draconian Transmuter)       Turns: 1994, Time: 00:07:44

Health: -1/28      AC:  6    Str: 14    XL:     3   Next: 33%
Magic:  6/6        EV: 12    Int: 13    God:
Gold:   57         SH:  0    Dex: 11    Spells: 5/6 levels left

rFire   . . .      SeeInvis .     - Unarmed
rCold   . . .      Faith    .   (no shield)
rNeg    . . .      Spirit   .   (armour unavailable)
rPois   .          Reflect  .   i - +0 hat {Stlth+}
rElec   .          Harm     .   h - +0 cloak
rCorr   .          Rampage  .   (no gloves)
Will    .....                   (no boots)
Stlth   ++........              (no amulet)
HPRegen 0.09/turn               (no ring)
MPRegen 0.10/turn               (no ring)

@: no status effects
A: AC +5, unfitting armour, cold-blooded
a: no special abilities


You were on level 3 of the Dungeon.
You visited 1 branch of the dungeon, and saw 3 of its levels.

You collected 57 gold pieces.

Inventory:

Hand Weapons
 f - a +0 hunting sling
Missiles
 b - 68 stones
Armour
 h - a +0 cloak (worn)
 i - a +0 hat of stealth (worn)
Scrolls
 c - a scroll of noise {unknown}
 d - a scroll of immolation {unknown}
Potions
 a - 2 potions of heal wounds {unknown}
 e - a potion of brilliance {unknown}
 g - a potion of curing {unknown}


   Skills:
 + Level 1.1 Fighting
 + Level 2.1 Dodging
 + Level 0.4 Stealth
 + Level 3.8 Unarmed Combat
 + Level 2.2 Spellcasting
 + Level 2.2 Transmutations


You had 5 spell levels left.
You knew the following spells:

 Your Spells              Type           Power      Damage    Failure   Level
a - Beastly Appendage     Tmut           14%        N/A       10%         1

Your spell library contained the following spells:

 Spells                   Type           Power      Damage    Failure   Level
 Wereblood                Tmut           7%         N/A       16%         2
 Spider Form              Tmut/Pois      4%         N/A       43%         3
 Ozocubu's Armour         Ice            1%         N/A       58%         3
 Ice Form                 Ice/Tmut       4%         N/A       83%         4
 Metabolic Englaciation   Hex/Ice        0%         N/A       100%        5
 Simulacrum               Ice/Necr       0%         N/A       100%        6


Dungeon Overview and Level Annotations

Branches:
Dungeon (3/15)

Altars:
Makhleb
Xom

Annotations:
D:2 1 runed translucent door, Crazy Yiuf, Natasha


Innate Abilities, Weirdness & Mutations

Your plain brown scales are hard. (AC +5)
You cannot fit into any form of body armour.
You are cold-blooded and may be slowed by cold attacks.


Message History

Something hits you.
You closely miss something.
Your transformation is almost over.
You feel less confused. Something hits you but does no damage.
An orc comes into view. It is wielding a +0 dagger.
You hear some strange, mumbled words.
Something tries to affect you, but you resist.
An orc comes into view. It is wielding a +0 flail.
The orc shouts!
You hear some strange, mumbled words.
A magic dart appears from out of thin air!
The magic dart hits you. The orc closely misses you.
You hear some strange, mumbled words.
Something tries to affect you, but you resist.
You punch the orc!
You kill the orc!
You hear some strange, mumbled words.
A puff of flame appears from out of thin air!
The puff of flame hits you.
You hit the orc but do no damage. The orc misses you.
You barely miss the orc. You claw the orc. Your headbutt misses the orc.
The orc is moderately wounded.
The orc misses you. Something hits you.
You barely miss the orc. Your kick misses the orc.
The orc is moderately wounded.
The orc hits you with a +0 flail. Something hits you but does no damage.
You hit the orc. Your kick misses the orc.
The orc is heavily wounded.
The orc barely misses you. Something hits you.
* * * LOW HITPOINT WARNING * * *
You hit the orc.
You kill the orc!
Your horns disappear.
Your talons disappear.
Your +0 hat of stealth unmelds from your body.
You feel stealthy.
You hear some strange, mumbled words.
A puff of flame appears from out of thin air!
The puff of flame hits you!
You die...

....... ....... ######
.......##############.....
..........................
.......)...###.######..###
+#.###.###.# #.# #..#
.....#.# #.######..#
...##.)#{# #.#.......###
.........@(# #.#..........
##.######### #.#.......###
..> ..#.......... #.
#.....).... ####≈§§≈≈.≈
....≈####'# ##..#..##≈≈§§≈
...#..#⌠≈....
#.....##≈.._.


There were no monsters in sight!

Vanquished Creatures
  3 orcs (D:3)
  5 bats
  4 endoplasms
  A giant cockroach (D:1)
  3 goblins
  4 hobgoblins
  8 kobolds
  2 quokkas
  2 frilled lizards
  5 rats (D:1)
37 creatures vanquished.

Notes
Turn   | Place    | Note
-------+----------+-------------------------------------------
     0 | D:1      | fragbeetle the Draconian Transmuter began the quest for the
                  | Orb.
     0 | D:1      | Reached XP level 1. HP: 16/16 MP: 3/3
     2 | D:1      | Noticed an ogre
     4 | D:1      | Noticed a dwarf
     4 | D:1      | Noticed a vine stalker
     6 | D:1      | Noticed a human
     8 | D:1      | Noticed a demigod
     8 | D:1      | Noticed a demonspawn
    14 | D:1      | Noticed a spriggan
    16 | D:1      | Noticed a vampire
    18 | D:1      | Noticed a gargoyle
    18 | D:1      | Noticed a merfolk
    20 | D:1      | Noticed a draconian
    20 | D:1      | Noticed a naga
    22 | D:1      | Noticed a troll
    22 | D:1      | Noticed an octopode
    24 | D:1      | Noticed a ghoul
    26 | D:1      | Noticed a minotaur
    26 | D:1      | Noticed an elf
    28 | D:1      | Noticed a tengu
    28 | D:1      | Noticed a formicid
    30 | D:1      | Noticed a felid
   121 | D:1      | Reached XP level 2. HP: 21/23 MP: 3/5
   979 | D:2      | Noticed Natasha
  1001 | D:2      | Noticed a crimson imp
  1437 | D:2      | Found a runed translucent door.
  1438 | D:2      | Noticed Crazy Yiuf
  1523 | D:2      | Reached XP level 3. HP: 22/28 MP: 4/6
  1747 | D:2      | Found a shimmering altar of Xom.
  1920 | D:3      | Found a burning altar of Makhleb.
  1994 | D:3      | Killed from afar by an orc wizard

Illustrated notes

Levels and vault maps discovered:
D:1:      kb_arrival_jail, layout_loops_ring
D:2:      layout_loops_ring, basic_altar, uniq_natasha, uniq_crazy_yiuf_cottage
D:3:      layout_basic, lemuel_coloured_pillars_altar, lightli_temple_of_fire

Skill      XL: |  1  2 |
---------------+-------+-----
Dodging        | 2 |  2.1
Fighting       | |  1.1
Stealth        | |  0.4
Unarmed Combat | |  3.8
Spellcasting   | |  2.2
Transmutations | |  2.2

Action                   || total
-------------------------++-------
Melee: Unarmed           ||   114
       Kick              ||    27
       Headbutt          ||    12
       Tailslap          ||     7
       Punch             ||     1
 Cast: Beastly Appendage ||    27
Armor: Skin              ||    40
Dodge: Dodged            ||    75

Table legend: (Time is in decaauts)
 A = Elapsed time spent in this place.
 B = Non-inter-level travel time spent in this place.
 C = Inter-level travel time spent in this place.
 D = Time resting spent in this place.
 E = Time spent auto-exploring this place.
 F = Levels seen in this place.
 G = Mean time per level.
                   A        B        C        D        E       F      G
               +--------+--------+--------+--------+--------+-----+--------+
         Total |   1993 |   1993 |      0 |    296 |    608 |   3 |  664.3 |
       Dungeon |   1993 |   1993 |      0 |    296 |    608 |   3 |  664.3 |
               +--------+--------+--------+--------+--------+-----+--------+

Top non-repeatable levels by time:
     D:1: 1324 daAuts
     D:2: 546 daAuts
     D:3: 122 daAuts
